AoeStats
← John Hawkwood

Arabia

508779669Analyzed
1v1 RM · 8d ago on Sep 24, 2026· 66m 15s· 2 players
Game mode
Random Map
Map size
Tiny (2 player)
Population
200
Speed
Normal
Resources
Standard
Victory
Conquest
Starting age
Dark Age
Ending age
Imperial Age
RankedLock teamsTeams togetherTeam positionsShared explorationLock speedFull tech treeHidden civsTurbo modeCheats
Victory
Defeat
🇺🇸 Magyars · United States
1108
+14
🇺🇸 Mongols · United States
1071
-14
John Hawkwood
9:24 Feudal Age
10:33 Loom
15:52 Horse Collar
23:05 Castle Age
21:31 Double-Bit Axe
22:36 Bloodlines
25:22 Forging
25:17 Scale Barding Armor
25:32 Bow Saw
25:39 Husbandry
30:29 Fletching
30:40 Padded Archer Armor
31:59 Wheelbarrow
30:58 Elite Skirmisher
43:27 Imperial Age
41:41 Bodkin Arrow
42:26 Hand Cart
42:20 Stone Mining
43:21 Gold Mining
44:21 Thumb Ring
45:18 Town Watch
47:11 Chemistry
47:29 Conscription
47:35 Heavy Camel Rider
49:43 Bracer
51:31 Chain Barding Armor
51:46 Iron Casting
56:43 Elite Mangudai
58:23 Leather Archer Armor
59:40 Gold Shaft Mining
60:11 Blast Furnace
58:58 Light Cavalry
60:38 Hussar
62:16 Stone Shaft Mining
64:01 Hoardings
65:10 Masonry
65:22 Ballistics
real_Eli_Manning
6:51 Loom
9:00 Feudal Age
10:13 Double-Bit Axe
17:25 Horse Collar
23:10 Castle Age
21:24 Fletching
22:08 Padded Archer Armor
23:10 Gold Mining
23:42 Bloodlines
23:49 Bodkin Arrow
27:58 Ballistics
32:02 Wheelbarrow
33:33 Thumb Ring
33:55 Heavy Plow
36:16 Leather Archer Armor
36:07 Scale Barding Armor
42:53 Imperial Age
40:11 Light Cavalry
40:52 Husbandry
42:28 Heavy Plow
42:40 Bow Saw
43:46 Chain Barding Armor
44:59 Corvinian Army
46:35 Bracer
47:15 Hand Cart
48:30 Chemistry
48:32 Plate Barding Armor
49:03 Conscription
50:15 Two-Man Saw
50:18 Siege Engineers
50:26 Masonry
55:05 Hussar
59:39 Parthian Tactics
59:46 Ring Archer Armor
59:46 Heavy Cavalry Archer
63:37 Elite Magyar Huszar
66:22 Town Watch
67:09 Crop Rotation
Connection lost

Rejoining the realm…

Still unreachable

The connection could not be restored.

Session expired

The server has moved on; the page needs a fresh start.